 Dungeon Crawl Stone Soup version 0.26.1-11-gd32895ea62 (webtiles) character file.

Game seed: 9729273644792392068

5770 buriedalive the Nimble (level 10, -11/56 HPs)
             Began as a Deep Elf Ice Elementalist on June 29, 2021.
             Was an Elder of Okawaru.
             Mangled by Harold
             ... wielding a +0 halberd
              (29 damage)
             ... on level 8 of the Dungeon.
             The game lasted 00:25:47 (10801 turns).

buriedalive the Nimble (Deep Elf Ice Elementalist) Turns: 10801, Time: 00:25:48

Health: -11/56     AC: 14    Str: 11      XL:     10   Next: 49%
Magic:  5/16       EV: 19    Int: 23 (24) God:    Okawaru [****..]
Gold:   264        SH:  0    Dex: 14 (15) Spells: 4/15 levels left

rFire    . . .     SeeInvis .   w - +1 dagger (venom)
rCold    + . .     Faith    .   (no shield)
rNeg     . . .     Spirit   .   I - +2 leather armour {rF+}
rPois    .         Reflect  .   (helmet restricted)
rElec    .         Harm     .   M - +0 cloak
rCorr    .         Rampage  .   (no gloves)
Will     +....                  (no boots)
Stlth    ++........             E - amulet of regeneration
HPRegen  0.58/turn              d - +6 ring of strength
MPRegen  0.15/turn              C - ring of ice

@: icy armour, frozen ramparts
A: antennae 1, deterioration 1
a: Renounce Religion, Heroism


You were on level 8 of the Dungeon.
You worshipped Okawaru.
Okawaru was greatly pleased with you.
You visited 1 branch of the dungeon, and saw 8 of its levels.
You also visited: Sewer.

You collected 514 gold pieces.
You spent 250 gold pieces at shops.

Inventory:

Hand Weapons
 e - a +1 dagger
 w - a +1 dagger of venom (weapon)
 K - a +0 whip of electrocution
Missiles
 c - 373 stones
 k - 54 poisoned darts
 z - 6 atropa-tipped darts
Armour
 a - a +0 robe
 I - a +2 leather armour of fire resistance (worn)
 M - a +0 cloak (worn)
Jewellery
 d - a +6 ring of strength (left hand)
 m - an uncursed ring of poison resistance
 n - an uncursed ring of protection from fire
 y - the amulet "Itigapa" {Inacc rElec rN+}
   (You found it on level 4 of the Dungeon)

   [amulet of inaccuracy]

   It reduces the accuracy of all your attacks.
   It insulates you from electricity.
   It protects you from negative energy.
 C - a ring of ice (right hand)
 E - an amulet of regeneration (around neck)
 L - an uncursed amulet of guardian spirit
Wands
 l - a wand of acid (8)
 r - a wand of paralysis (3)
 A - a wand of digging (4)
 D - a wand of random effects (45)
 J - a wand of disintegration (7)
Scrolls
 h - 3 scrolls of remove curse
 i - 9 scrolls of teleportation
 p - a scroll of fear
 x - 3 scrolls of random uselessness {unknown}
 B - 2 scrolls of amnesia {unknown}
 F - a scroll of noise {unknown}
 H - a scroll of identify
Potions
 b - 3 potions of heal wounds
 f - 2 potions of might
 g - a potion of flight
 j - a potion of attraction
 o - a potion of ambrosia
 q - 3 potions of curing {unknown}
 s - 2 potions of brilliance {unknown}
 t - a potion of magic {unknown}
 u - 2 potions of haste {unknown}
 v - 3 potions of lignification {unknown}
 G - a potion of mutation


   Skills:
 + Level 3.9 Fighting
 - Level 12.0 Dodging
 - Level 2.4 Stealth
 - Level 3.0 Spellcasting
 + Level 5.2 Summonings
 - Level 11.6 Ice Magic


You had 4 spell levels left.
You knew the following spells:

 Your Spells              Type           Power        Failure   Level
a - Freeze                Ice            100%         1%          1
b - Frozen Ramparts       Ice            100%         1%          3
c - Ozocubu's Armour      Ice            71%          1%          3
d - Summon Ice Beast      Ice/Summ       59%          4%          4

Your spell library contained the following spells:

 Spells                   Type           Power        Failure   Level
 Hailstorm                Conj/Ice       45%          14%         4


Dungeon Overview and Level Annotations

Branches:
Dungeon (8/15)             Temple (0/1) D:7           Sewer (visited)
   Lair: D:8-11

Altars:
Cheibriados
Dithmenos
Elyvilon
Hepliaklqana
Kikubaaqudgha
Makhleb
Okawaru
Trog
Uskayaw
Vehumet
Wu Jian
Yredelemnul
The Shining One

Shops:
D:5 =   D:6 }:*   D:8 *

Annotations:
D:8 Harold


Innate Abilities, Weirdness & Mutations

You have a pair of small antennae on your head.
Your body sometimes deteriorates upon taking damage.


Message History

The wall freezes Harold.
Harold closely misses you.
Your icy armour and frozen ramparts will break if you move.
Continue?
Your icy armour cracks and falls away as you move.
The frozen ramparts melt away as you move.
Harold closely misses you.
Casting: Ozocubu's Armour (safe; 1% risk of failure)
Confirm with . or Enter, or press ? or * to list all spells.
Casting: Frozen Ramparts (safe; 1% risk of failure)
Press: ? - help, Dir - look around, f - activate You feel a surge of power!
The walls around you are covered in ice.
The wall freezes Harold!
Harold hits you with a +0 halberd!
Your body deteriorates!
You feel clumsy.
Unknown command.
Casting: Frozen Ramparts (safe; 1% risk of failure)
Confirm with . or Enter, or press ? or * to list all spells.
You feel a surge of power! A film of ice covers your body!
The wall freezes Harold.
Harold hits you with a +0 halberd!!
Ouch! That really hurt!
You die...

# #....# ####......# .
#.#(.####.....#.#.#
.####)[..÷............#
.....)##<.....(....#
#....)##.†........)#
#..........((......##
....#..##..((.(.....#
.##..#.##.)#####@##.# .
##.......# #.@# .#
..#......(## #.#...#
....#..#### #.....#
.........#### #.....#
..####.#....# #........
>. #[.####............
# #.## #..........# ..
.#..$...∩# #.# ..
.......


You could see Harold (strong).

Vanquished Creatures
  Pikel (D:8)
  Maurice (D:8)
  A wraith (D:7)
  6 yaks (D:7)
  5 humans (D:7)
  An orc warrior (D:6)
  2 ice beasts
  A black bear (D:6)
  3 sky beasts
  A phantom (D:7)
  2 ogres
  6 centaurs
  2 lemures (D:8)
  4 bullfrogs
  A scorpion (D:8)
  3 wights (D:6)
  4 howler monkeys
  5 hounds
  4 jellies
  A gnoll shaman (D:5)
  4 orc priests
  12 orc wizards
  A bullfrog skeleton (D:6)
  Jessica (D:7)
  8 worker ants
  Ijyb (D:7)
  Terence (D:3)
  A killer bee zombie (D:7)
  A worker ant zombie (D:5)
  5 gnolls (D:5)
  2 howler monkey skeletons
  7 adders
  4 river rats (Sewer)
  3 shadow imps
  2 white imps
  An adder skeleton (D:7)
  A worm (D:3)
  2 dart slugs
  7 leopard geckos
  24 orcs
  4 ball pythons
  8 bats
  4 giant cockroaches
  5 hobgoblins
  4 jackals
  11 kobolds
  11 frilled lizards
  13 goblins
  A jackal zombie (D:7)
  A leopard gecko skeleton (D:4)
  19 rats
223 creatures vanquished.

Notes
Turn   | Place    | Note
-------+----------+-------------------------------------------
     0 | D:1      | buriedalive the Deep Elf Ice Elementalist began the quest
                  | for the Orb.
     0 | D:1      | Reached XP level 1. HP: 10/10 MP: 6/6
   124 | D:1      | Reached skill level 3 in Dodging
   124 | D:1      | Reached XP level 2. HP: 13/15 MP: 4/8
   952 | D:1      | Reached skill level 5 in Ice Magic
  1007 | D:1      | Reached XP level 3. HP: 19/19 MP: 9/9
  1162 | D:1      | Learned a level 3 spell: Frozen Ramparts
  1166 | D:1      | Learned a level 3 spell: Ozocubu's Armour
  1383 | D:2      | Found an ornate altar of the Wu Jian Council.
  1481 | D:2      | Noticed a centaur
  1484 | D:2      | Reached skill level 4 in Dodging
  1487 | D:2      | Killed a centaur
  1488 | D:2      | Reached XP level 4. HP: 6/24 MP: 1/10
  1488 | D:2      | Reached XP level 5. HP: 7/28 MP: 1/11
  1856 | D:2      | Reached skill level 5 in Dodging
  2016 | D:2      | Found a burning altar of Makhleb.
  2116 | D:2      | Found a snail-covered altar of Cheibriados.
  2116 | D:2      | Found a radiant altar of Vehumet.
  2757 | D:3      | Found a glowing drain.
  2778 | Sewer    | Entered a sewer
  3613 | D:3      | Noticed Terence
  3621 | D:3      | Killed Terence
  3622 | D:3      | Reached XP level 6. HP: 32/32 MP: 5/12
  4347 | D:4      | Reached skill level 6 in Dodging
  4534 | D:4      | Got a crude silver amulet
  4740 | D:4      | Found a hazy altar of Hepliaklqana.
  4817 | D:4      | Found an iron altar of Okawaru.
  4817 | D:4      | Found a white marble altar of Elyvilon.
  4818 | D:4      | Found an ancient bone altar of Kikubaaqudgha.
  4825 | D:4      | Became a worshipper of Warmaster Okawaru
  4947 | D:4      | Identified the amulet "Itigapa" {Inacc rElec rN+} (You
                  | found it on level 4 of the Dungeon)
  5265 | D:5      | Entered Level 5 of the Dungeon
  5282 | D:5      | Found a glowing golden altar of the Shining One.
  5299 | D:5      | Reached XP level 7. HP: 22/36 MP: 9/13
  5416 | D:5      | Noticed an angel
  5479 | D:5      | Identified the cursed +0 trident of Sulila {distort, +Rage
                  | Int-5 Stlth+}
  5488 | D:5      | Reached skill level 7 in Dodging
  5770 | D:5      | Reached * piety under Okawaru
  5848 | D:5      | Gained mutation: You have a pair of small antennae on your
                  | head. [potion of mutation]
  5848 | D:5      | Gained mutation: You are weak. (Str -2) [potion of
                  | mutation]
  5848 | D:5      | Gained mutation: Your mind is acute. (Int +2) [potion of
                  | mutation]
  5848 | D:5      | Gained mutation: Your flesh is heat resistant. (rF+)
                  | [potion of mutation]
  5857 | D:5      | Lost mutation: Your flesh is heat resistant. (rF+) [potion
                  | of mutation]
  5857 | D:5      | Lost mutation: Your mind is acute. (Int +2) [potion of
                  | mutation]
  5857 | D:5      | Lost mutation: You are weak. (Str -2) [potion of mutation]
  5857 | D:5      | Lost mutation: You have a pair of small antennae on your
                  | head. [potion of mutation]
  5857 | D:5      | Gained mutation: Your body sometimes deteriorates upon
                  | taking damage. [potion of mutation]
  5857 | D:5      | Gained mutation: You have a pair of small antennae on your
                  | head. [potion of mutation]
  5860 | D:5      | Found a basalt altar of Yredelemnul.
  5862 | D:5      | Noticed a profane servitor
  6036 | D:5      | Reached skill level 8 in Dodging
  6133 | D:5      | Reached XP level 8. HP: 10/41 MP: 10/14
  6529 | D:5      | Found Qiude's Jewellery Shop.
  6532 | D:5      | Bought an uncursed ring of ice for 250 gold pieces
  7209 | D:6      | Found a hide-covered altar of Uskayaw.
  7316 | D:6      | Reached skill level 9 in Dodging
  7453 | D:6      | Found Zeinkale's Book Emporium.
  7767 | D:6      | Found Husa's General Store.
  7955 | D:6      | Found Ziocig's Gadget Shop.
  8105 | D:6      | Found a shadowy altar of Dithmenos.
  8300 | D:6      | Reached ** piety under Okawaru
  8458 | D:6      | Found a bloodstained altar of Trog.
  8515 | D:6      | Reached skill level 10 in Dodging
  8517 | D:6      | Reached skill level 10 in Ice Magic
  8664 | D:7      | Reached XP level 9. HP: 36/45 MP: 9/15
  8974 | D:7      | Noticed Jessica
  8983 | D:7      | Killed Jessica
  9397 | D:7      | Found a staircase to the Ecumenical Temple.
  9467 | D:7      | Reached skill level 11 in Dodging
  9470 | D:7      | Reached *** piety under Okawaru
  9501 | D:7      | Reached skill level 12 in Dodging
  9557 | D:7      | Learned a level 4 spell: Summon Ice Beast
  9589 | D:7      | Noticed Ijyb
  9594 | D:7      | Killed Ijyb
  9647 | D:7      | Reached skill level 1 in Summonings
  9790 | D:7      | Reached skill level 1 in Fighting
  9790 | D:7      | Reached XP level 10. HP: 48/52 MP: 8/16
 10118 | D:7      | Reached **** piety under Okawaru
 10359 | D:8      | Noticed Pikel
 10373 | D:8      | Killed Pikel
 10373 | D:8      | Received a gift from Okawaru
 10690 | D:8      | Noticed Maurice
 10750 | D:8      | Paralysed by Maurice for 4 turns
 10758 | D:8      | Killed Maurice
 10759 | D:8      | Reached skill level 5 in Summonings
 10779 | D:8      | Noticed Harold
 10785 | D:8      | Found Netic's General Store.
 10801 | D:8      | Mangled by Harold

Illustrated notes

Levels and vault maps discovered:
D:1:      dpeg_arrival_renting, layout_rooms
D:2:      layout_basic, general_overflow_altar,
          gammafunk_temple_overflow_elements, lemuel_doored_altar,
          serial_rivers, chequers_serial_rivers_micro_d,
          chequers_serial_rivers_micro_a, chequers_serial_rivers_micro_a,
          chequers_serial_rivers_room_a
D:3:      layout_loops_ring, portal_sewer_entry_a, uniq_terence
D:4:      layout_loops_ring, gammafunk_temple_overflow_claw,
          nzn_hepliaklqana_mist_gate, palyth_stone_intersect
D:5:      layout_basic, grunt_temple_overflow_holy_war, serial_shops,
          nicolae_shop_behind_doors, minmay_ogre_servants
D:6:      layout_rooms, nicolae_overflow_crystal_walls, lightli_temple_of_fire,
          nicolae_dithmenos_through_a_glass_darkly, serial_shops,
          nicolae_shop_statue_plus, nicolae_shop_waterfront, shop
D:7:      erik_cavepeople, layout_cave_pools, minmay_temple_entry_fiery,
          kb_rosetta
D:8:      layout_rooms, special_room [special_room_orc], serial_shops, shop,
          basic_altar, david_defended_altar_orc, uniq_pikel, uniq_harold,
          uniq_maurice

Skill      XL: |  1  2  3  4  5  6  7  8  9 10 |
---------------+-------------------------------+-----
Dodging        | 3 4 5 6 8 10 12 | 12.0
Ice Magic      | 5 6 7 8 10 11 | 11.6
Summonings     | 1 5 |  5.2
Fighting       | 1 3 |  3.9
Stealth        | |  2.4
Spellcasting   | |  3.0

Action                   |  1- 3 |  4- 6 |  7- 9 | 10-12 || total
-------------------------+-------+-------+-------+-------++-------
Melee: Unarmed           |    10 |       |       |       ||    10
       Dagger            |    26 |    66 |   296 |    64 ||   452
       Punch             |       |       |       |     1 ||     1
 Cast: Freeze            |    45 |    11 |    22 |     1 ||    79
       Frozen Ramparts   |       |    24 |    42 |    15 ||    81
       Ozocubu's Armour  |       |     7 |    17 |     5 ||    29
Invok: Heroism           |       |       |     3 |     1 ||     4
Evoke: Wand              |       |       |       |     4 ||     4
  Use: Scroll            |       |    11 |     4 |       ||    15
       Potion            |       |       |     5 |     1 ||     6
 Stab: Sleeping          |     5 |     5 |     1 |       ||    11
Armor: Robe              |    15 |    10 |    54 |       ||    79
       Leather armour    |       |       |     4 |    11 ||    15
Dodge: Dodged            |    44 |    52 |   275 |    65 ||   436
